 Dungeon Crawl Stone Soup version 0.22-a0-580-gd5db89c (webtiles) character file.

1 Amnesiac the Sneak (level 1, 9/9 HPs)
             Began as a Spriggan Wanderer on July 3, 2018.
             Quit the game on level 2 of the Dungeon.
             The game lasted 00:00:37 (68 turns).

Amnesiac the Sneak (Spriggan Wanderer)                Turns: 68, Time: 00:00:38

Health: 9/9        AC:  2    Str:  7    XL:     1   Next: 16%
Magic:  3/3        EV: 14    Int: 14    God:
Gold:   0          SH:  5    Dex: 15    Spells: 2/2 levels left

rFire    . . .     SeeInvis +   e - +0 dagger
rCold    . . .     Gourm    .   a - +0 buckler
rNeg     . . .     Faith    .   d - +0 robe
rPois    .         Spirit   .   (helmet restricted)
rElec    .         Reflect  .   (no cloak)
rCorr    .         Harm     .   (gloves unavailable)
MR       .....                  (boots unavailable)
Stlth    ++........             (no amulet)
HPRegen  0.03/turn              (no ring)
MPRegen  0.08/turn              (no ring)

@: very quick
A: very small, unfitting armour, see invisible, herbivore, speed 3, slow
metabolism 2
a: no special abilities


You were on level 2 of the Dungeon.
You were not hungry.

You visited 1 branch of the dungeon, and saw 2 of its levels.

Inventory:

Hand Weapons
 e - a +0 dagger (weapon)
Armour
 a - a +0 buckler (worn)
 d - a +0 robe (worn)
Potions
 c - a potion of lignification {!q}
Comestibles
 f - a ration


   Skills:
 + Level 3.0 Stealth
 + Level 1.0 Shields
 + Level 1.0 Unarmed Combat
 + Level 1.4 Spellcasting
   Level 2.6 Transmutations
   Level 1.5 Ice Magic
   Level 1.3 Evocations


You had 2 spell levels left.
You didn't know any spells.
Your spell library contained the following spells:

 Spells                   Type           Power        Failure   Level  Hunger
 Animate Skeleton         Necr           N/A          36%         1    ##.....
 Vampiric Draining        Necr           #.........   75%         3    ####...


Dungeon Overview and Level Annotations

Branches:
Dungeon (2/15)

Altars:
Cheibriados
Nemelex Xobeh
Xom
The Shining One


Innate Abilities, Weirdness & Mutations

You are very small and have problems with some larger weapons.
You are too small for most types of armour.
You have supernaturally acute eyesight. (SInv)
You are a herbivore.
You cover ground extremely quickly.
You need to consume almost no food.


Message History

Welcome, Amnesiac the Spriggan Wanderer.
Will you prevail where others failed? Will you find the Orb of Zot?
Press ? for a list of commands and other information.
Found an escape hatch in the floor.
Found a staircase leading out of the dungeon.
Okay, then.
There is an escape hatch in the floor here.
You slide downwards.
The hatch slams shut behind you.
Found a shimmering altar of Xom.
You open the door.
There is an open door here.
Found a stone staircase leading up.
Found a stone staircase leading down.
There is a stone staircase leading down here.
A rat comes into view.
Found a glowing golden altar of the Shining One.
You block the rat's attack.
There is a fountain of clear blue water here.
Found a snail-covered altar of Cheibriados.
A quokka comes into view.
Found a sparkling altar of Nemelex Xobeh.
The helpless quokka fails to defend itself.
You puncture the quokka!
You kill the quokka!
Okay, then.
Are you sure you want to abandon this character and quit the game? (Confirm with "yes".)

.......#...⌠#⌠...#..#
.......#..#####..#..#########
........r...#.........>.....#
........#...#...#...#######.#
.......⌠#.._#_..#⌠..# #.#
.......###########..## #.#
.......r#.._#_..#⌠...# #.#
.......†#...#...#..########.###
####.##.....#...@.............#
#. ##..#####..#..........#.# #.
#...⌠#⌠...##........<#.# #.
#............#######.#.#
########.###.....# #.#.#
#.........# #.#.#
..#####....#####.#
.+........'.....#
.#####....#######


There were no monsters in sight!

Vanquished Creatures
  A quokka (D:2)
1 creature vanquished.

Notes
Turn   | Place    | Note
-------+----------+-------------------------------------------
     0 | D:1      | Amnesiac the Spriggan Wanderer began the quest for the Orb.
     0 | D:1      | Amnesiac set off with: a +0 buckler, a potion of lignification {!q}, a +0 robe, a +0 dagger, a ration
     0 | D:1      | Reached XP level 1. HP: 9/9 MP: 3/3
     2 | D:2      | Found a shimmering altar of Xom.
    41 | D:2      | Found a glowing golden altar of the Shining One.
    50 | D:2      | Found a snail-covered altar of Cheibriados.
    57 | D:2      | Found a sparkling altar of Nemelex Xobeh.
    68 | D:2      | Quit the game

Vault maps used:
D:1:      minmay_arrival_floating_metal, minmay_shallow_snake_nest
D:2:      grunt_temple_overflow_gold_and_silver,
          nicolae_overflow_quartered_altars, first_ration

Action                   || total
-------------------------++-------
Melee: Dagger            ||     1
 Stab: Sleeping          ||     1
Block: Buckler           ||     1

Table legend:
 A = Spawn XP
 B = Non-spawn XP
 C = Spawn XP percentage of total XP
 D = Spawn monster count
 E = Non-spawn monster count
 F = Spawn count percentage of total count
 G = Total turns spent on level
                    A         B        C        D         E        F      G
               +---------+---------+-------+---------+---------+-------+---------
         Total |       0 |       2 |   0.0 |       0 |       1 |   0.0 |    68
               +---------+---------+-------+---------+---------+-------+---------
           D:2 |       0 |       2 |   0.0 |       0 |       1 |   0.0 |    66
               +---------+---------+-------+---------+---------+-------+---------
